 Dungeon Sprint DCSS version 0.31-a0-844-gdc52ec4e09 (webtiles) character file.

Game seed: 6742186418665557878

2397 sircluck the Grappler (level 9, 0/153 HPs)
             Began as a Troll Berserker on Sept 29, 2023.
             Was an Elder of Trog.
             Slain by an alligator snapping turtle (26 damage)
             ... in the Dungeon (Sprint VII: "The Pits").
             The game lasted 00:00:58 (433 turns).

sircluck the Grappler (Troll Berserker)              Turns: 433, Time: 00:00:59

Health: 0/153      AC:  4    Str: 31    XL:     9   Next: 22%
Magic:  8/8        EV: 12    Int:  3    God:    Trog [****..]
Gold:   0          SH:  0    Dex:  9    Spells: 8/8 levels left

rFire   . .          .
                       - Unarmed
rCold   . . .        (no shield)
rNeg    . . .        a - +0 animal skin
rPois   .            (helmet restricted)
rElec   .            (no cloak)
rCorr   .            (gloves unavailable)
SInv    .            (boots unavailable)
Will    .....        (no amulet) Stlth
                     (no ring)
HPRegen 1.25/turn    (no ring)
MPRegen 0.11/turn

%: no teleportation
@: berserking, very quick
A: large, unfitting armour, claws 3, regeneration 1, shaggy fur 1, tough skin 1
a: Renounce Religion, Berserk, Trog's Hand, Brothers in Arms


You were in the Dungeon.
You worshipped Trog.
Trog was greatly pleased with you.
You visited 1 branch

Inventory:

Armour
 a - a +0 animal skin (worn)
Scrolls
 g - a scroll of blinking
Potions
 b - a potion of curing
 c - a potion of heal wounds
 d - a potion of haste
 e - 2 potions of magic
 f - a potion of berserk rage


   Skills:
 + Level 10.8 Fighting
 + Level 10.7 Dodging
 + Level 12.6 Unarmed Combat


You had 8 spell levels left.
You didn't know any spells.
Your spell library was empty.

Dungeon Overview and Level Annotations

Branches:
Dungeon (1/1)

Altars:


Innate Abilities, Weirdness & Mutations

You are too large for most types of armour.
You have claws for hands.
Your natural rate of healing is unusually fast.
You are covered in fur. (AC +1)
You have tough skin. (AC +1)


Message History

Trog appreciates your killing of a magic user.
Something hits you.
You have reached level 9!
Your experience leads to an increase in your attributes!
Increase (S)trength, (I)ntelligence, or (D)exterity?
You feel stronger. x3
You scratch the alligator snapping turtle.
The alligator snapping turtle is lightly wounded.
Something barely misses you.
The alligator snapping turtle completely misses you.
You scratch the alligator snapping turtle but do no damage.
The alligator snapping turtle is lightly wounded.
You mangle the alligator snapping turtle!!
The alligator snapping turtle is moderately wounded.
Something hits you.
You scratch the alligator snapping turtle but do no damage.
The alligator snapping turtle is moderately wounded.
The alligator snapping turtle bites you!!!
You scratch the alligator snapping turtle but do no damage.
The alligator snapping turtle is moderately wounded.
Something hits you.
You scratch the alligator snapping turtle but do no damage.
The alligator snapping turtle is moderately wounded.
Something hits you but does no damage.
You mangle the alligator snapping turtle!!
You claw the alligator snapping turtle.
The alligator snapping turtle is heavily wounded.
Something hits you.
The alligator snapping turtle barely misses you.
Something hits you but does no damage.
You scratch the alligator snapping turtle but do no damage.
The alligator snapping turtle is heavily wounded.
Something hits you!
* * * LOW HITPOINT WARNING * * *
You scratch the alligator snapping turtle but do no damage.
The alligator snapping turtle is heavily wounded.
Something hits you!
* * * LOW HITPOINT WARNING * * *
The alligator snapping turtle bites you!!
You die...

..# ..# ######## ..#
...##..# ..#
...##..# ..#
...''..# ..#
...†'..##########t.#
...##...........@).#
...##..............#
####################
### ..# ### #


You could see an alligator snapping turtle (strong).

Vanquished Creatures
  A spriggan druid (D)
  A sea snake (D)
  A komodo dragon (D)
  2 wyverns (D)
  5 yaks (D)
  A centaur (D)
  A scorpion (D)
12 creatures vanquished.

Notes
Turn   | Place    | Note
-------+----------+-------------------------------------------
     0 | D        | sircluck the Troll Berserker began the quest for the Orb.
     0 | D        | Reached XP level 1. HP: 22/22 MP: 0/0
    23 | D        | Noticed a centaur
    23 | D        | Noticed a wyvern
    26 | D        | Killed a wyvern
    27 | D        | Reached skill level 5 in Fighting
    27 | D        | Reached skill level 5 in Dodging
    27 | D        | Reached skill level 6 in Unarmed Combat
    27 | D        | Reached XP level 2. HP: 35/35 MP: 1/1
    27 | D        | Reached XP level 3. HP: 42/42 MP: 2/2
    27 | D        | Reached XP level 4. HP: 50/50 MP: 3/3
    27 | D        | Reached XP level 5. HP: 57/57 MP: 4/4
    28 | D        | Killed a centaur
    29 | D        | Reached skill level 7 in Unarmed Combat
   166 | D        | Noticed a sea snake
   174 | D        | Killed a sea snake
   174 | D        | Reached ** piety under Trog
   175 | D        | Reached skill level 9 in Unarmed Combat
   175 | D        | Reached XP level 6. HP: 58/74 MP: 5/5
   175 | D        | Reached XP level 7. HP: 63/81 MP: 6/6
   228 | D        | Noticed a komodo dragon
   236 | D        | Killed a komodo dragon
   237 | D        | Reached skill level 10 in Unarmed Combat
   299 | D        | Noticed a yak
   300 | D        | Noticed a yak
   300 | D        | Noticed a yak
   300 | D        | Noticed a yak
   300 | D        | Noticed a wyvern
   320 | D        | Reached XP level 8. HP: 92/92 MP: 7/7
   328 | D        | Reached *** piety under Trog
   329 | D        | Reached skill level 11 in Unarmed Combat
   339 | D        | Reached skill level 10 in Fighting
   339 | D        | Reached skill level 10 in Dodging
   360 | D        | Reached **** piety under Trog
   361 | D        | Reached skill level 12 in Unarmed Combat
   416 | D        | Noticed a spriggan druid
   416 | D        | Noticed an alligator snapping turtle
   424 | D        | Killed a spriggan druid
   425 | D        | Reached XP level 9. HP: 94/102 MP: 8/8
   433 | D        | Slain by an alligator snapping turtle

Illustrated notes

Levels and vault maps discovered:
D:        pitsprint [storerooms_1, entrance_room_1, metal_vault_6, armoury_1,
          mini_pit_1, grid_room_1, main_hall_1, silver_pit, the_coven_2,
          the_vestibule_1, steel_vault_2, golden_pit, hallway_of_sentries,
          crystal_vault_4, iron_vault_1, final_vault]

Skill      XL: |  1  2  3  4  5  6  7  8 |
---------------+-------------------------+-----
Fighting       | 5 8 9 10 | 10.8
Dodging        | 5 8 10 | 10.7
Unarmed Combat | 6 9 10 12 | 12.6

Action                     |  1- 3 |  4- 6 |  7- 9 || total
---------------------------+-------+-------+-------++-------
  Melee: Unarmed           |     2 |     7 |    41 ||    50
         Punch             |       |       |     5 ||     5
 Invoke: Berserk           |     1 |     1 |     1 ||     3
 Armour: Animal skin       |       |     4 |    27 ||    31
  Dodge: Dodged            |     3 |     2 |    13 ||    18

Table legend: (Time is in decaauts)
 A = Elapsed time spent in this place.
 B = Non-inter-level travel time spent in this place.
 C = Inter-level travel time spent in this place.
 D = Time resting spent in this place.
 E = Time spent auto-exploring this place.
 F = Levels seen in this place.
 G = Mean time per level.
                   A        B        C        D        E       F      G
               +--------+--------+--------+--------+--------+-----+--------+
         Total |    435 |    435 |      0 |    281 |      0 |   1 |  435.0 |
       Dungeon |    435 |    435 |      0 |    281 |      0 |   1 |  435.0 |
               +--------+--------+--------+--------+--------+-----+--------+

Top non-repeatable levels by time:
       D: 435 daAuts
